 Dungeon Crawl Stone Soup version 0.29.0-4-gdea44cf6ec (webtiles) character file.

Game seed: 6957575529510107478

63 qw the Chopper (level 3, 0/31 HPs)
             Began as a Minotaur Berserker on Sept 9, 2022.
             Was a Believer of Trog.
             Killed from afar by an orc wizard (8 damage)
             ... with a magic dart
             ... on level 3 of the Dungeon.
             The game lasted 00:00:36 (2754 turns).

qw the Chopper (Minotaur Berserker)                 Turns: 2754, Time: 00:00:37

Health: 0/31       AC:  6    Str: 23    XL:     3   Next: 87%
Magic:  2/2        EV: 10    Int:  4    God:    Trog [**....]
Gold:   83         SH:  0    Dex:  9    Spells: 2/2 levels left

rFire   . . .      SeeInvis .   Y - +0 hand axe
rCold   . . .      Faith    .   (no shield)
rNeg    . . .      Spirit   .   d - +0 scale mail
rPois   .          Reflect  .   (helmet restricted)
rElec   .          Harm     .   (no cloak)
rCorr   .          Rampage  .   (no gloves)
Will    .....                   (no boots)
Stlth   ..........              (no amulet)
HPRegen 0.10/turn               (no ring)
MPRegen 0.08/turn               (no ring)

@: very slow
A: horns 2, retaliatory headbutt
a: Renounce Religion, Berserk, Trog's Hand


You were on level 3 of the Dungeon.
You worshipped Trog.
Trog was pleased with you.
You visited 1 branch of the dungeon, and saw 3 of its levels.

You collected 83 gold pieces.


Innate Abilities, Weirdness & Mutations

You have a pair of horns on your head.
You reflexively headbutt those who attack you in melee.


   Skills:
 - Level 3.6 Fighting
 + Level 5.9 Axes
 - Level 2.4 Armour
 - Level 2.1 Dodging


You had 2 spell levels left.
You didn't know any spells.
Your spell library was empty.

Inventory:

Hand Weapons
 a - a +0 flail
 Y - a +0 hand axe (weapon)
Missiles
 b - 3 boomerangs (quivered)
Armour
 d - a +0 scale mail (worn)
Scrolls
 l - a scroll of identify
Potions
 e - a potion of haste {unknown}
 f - a potion of flight {unknown}
 g - a potion of berserk rage {unknown}
 h - a potion of curing {unknown}

Dungeon Overview and Level Annotations

Branches:
Dungeon (3/15)

Altars:


Message History

A puff of flame appears from out of thin air!
The puff of flame hits you!
You hear some strange, mumbled words.
A puff of flame appears from out of thin air!
The puff of flame hits you.
You barely miss the plant.
You headbutt the plant, but do no damage.
You barely miss the plant. You completely miss something.
You feel less confused.
You hear some strange, mumbled words.
You are confused.
A bat comes into view.
Something hits you but does no damage. The worm barely misses you.
Something hits you but does no damage. The worm bites you but does no damage.
Something hits you.
You closely miss the worm. You headbutt the worm!
The worm is moderately wounded.
You hit the plant.
The plant begins to die.
You barely miss something. Something hits you but does no damage.
You slash the worm!
The worm is severely wounded.
You hit the bat but do no damage. You completely miss something.
You slash the plant! The bat closely misses you.
The worm bites you but does no damage.
You hear some strange, mumbled words.
A puff of flame appears from out of thin air!
The puff of flame hits you.
You enter the shallow water.
Moving in this stuff is going to be slow.
The bat hits you. The worm bites you but does no damage.
You closely miss the worm. Your headbutt misses the worm.
The worm is severely wounded.
You hit something but do no damage. You hit the plant. You barely miss the bat.
You feel less confused.
A nearby plant withers and dies.
The bat barely misses you. The bat hits you but does no damage.
You hear some strange, mumbled words.
A magic dart appears from out of thin air!
The magic dart hits you!
You die...

#...~~~~~~~~~...
.#######...)~~~~~P~~~...
..............~~~~~P....
#...........~~~~P~...
##..........~~~~~~~..
#..<...)#..~~~~~~~~..
#......%.)).~P~~~~...
.....###.#%#.$.~~~~~~..
...... #.#....{@~~~~~~.
...... #.#....wb~~~~~..
....:. #.#......~~~~~..
#^.... ........~~~~~~..
##.... .##.###..~~~~~..
. #.. ....~~~P.. ..
...P~~~... # ....P~~P~..


You could see a worm and a bat.

Vanquished Creatures
  A worm (D:2)
  5 dart slugs
  2 orcs (D:3)
  3 ball pythons
  4 bats
  2 endoplasms
  2 giant cockroaches
  9 goblins
  4 hobgoblins
  3 jackals (D:1)
  3 kobolds (D:1)
  3 frilled lizards
  2 rats
43 creatures vanquished.

Vanquished Creatures (others)
  2 plants
2 creatures vanquished.

Grand Total: 45 creatures vanquished

Notes
Turn   | Place    | Note
-------+----------+-------------------------------------------
     0 | D:1      | qw the Minotaur Berserker began the quest for the Orb.
     0 | D:1      | Reached XP level 1. HP: 19/19 MP: 0/0
     0 | D:1      | 0 ||| qw: Version: 0.1-a-113-g051387a
     0 | D:1      | 0 ||| qw: Game counter: 7306
     0 | D:1      | 0 ||| qw: Always use a shield: true
     0 | D:1      | 0 ||| qw: Do Orc after D:15 true
     0 | D:1      | 0 ||| qw: Do second Lair branch before Depths: true
     0 | D:1      | 0 ||| qw: Lair rune preference: random
     0 | D:1      | 0 ||| qw: Plans: Normal
     0 | D:1      | 0 ||| PLANNING D:1-11
    98 | D:1      | Reached skill level 4 in Axes
   312 | D:1      | Reached XP level 2. HP: 26/26 MP: 1/1
   367 | D:1      | 367 ||| Stepping ~*~*~tactically~*~*~ (stealth).
   368 | D:1      | 368 ||| Stepping ~*~*~tactically~*~*~ (stealth).
   602 | D:1      | Reached skill level 5 in Axes
   818 | D:1      | 818 ||| Stepping ~*~*~tactically~*~*~ (hiding).
   823 | D:1      | Reached XP level 3. HP: 31/31 MP: 2/2
   974 | D:1      | Reached ** piety under Trog
  1009 | D:1      | Found a faded altar of an unknown god.
  1257 | D:1      | 1257 ||| UPGRADING to +0 scale mail.
  1267 | D:1      | 1267 ||| DROPPING +0 animal skin.
  1268 | D:1      | 1268 ||| READING scroll labelled MIPTYO TUDGH.
  2040 | D:2      | 2040 ||| INVOKING Berserk.
  2384 | D:2      | 2384 ||| DROPPING ring of flight.
  2385 | D:2      | 2385 ||| READING scroll labelled HUUCEB HUHI.
  2386 | D:2      | 2386 ||| READING 2 scrolls labelled YSASEMEOMYXA.
  2387 | D:2      | 2387 ||| DRINKING 2 metallic inky potions.
  2388 | D:2      | 2388 ||| DROPPING potion of attraction.
  2389 | D:2      | 2389 ||| DROPPING scroll of poison.
  2390 | D:2      | 2390 ||| Stepping randomly (stuck).
  2391 | D:2      | 2391 ||| Stepping ~*~*~tactically~*~*~ (cloud).
  2394 | D:2      | HP: 7/31 [poisoned by you (poison gas)]
  2399 | D:2      | HP: 3/31 [poisoned by you (poison gas)]
  2731 | D:3      | 2731 ||| DROPPING +0 club.
  2753 | D:3      | HP: 7/31 [bat (1)]
  2754 | D:3      | Killed from afar by an orc wizard

Levels and vault maps discovered:
D:1:      sevenhm_arrival_forest_fort_large_4, layout_loops_ring,
          chequers_ecumenical_altar_lobes, corexii_hall_statues_x
D:2:      layout_loops_corners, minmay_pentomino_u2
D:3:      layout_rooms, riverfiend_overflow_shadow_ancestor, chequers_big_river,
          st_stairs_5, wad_orctagon

Skill      XL: |  1  2 |
---------------+-------+-----
Axes           | 4 5 |  5.9
Fighting       | |  3.6
Armour         | |  2.4
Dodging        | |  2.1

Action                   || total
-------------------------++-------
Melee: Hand axe          ||    79
       Headbutt          ||    17
       Punch             ||     1
Throw: Boomerang         ||    13
Invok: Berserk           ||     1
  Use: Scroll            ||     3
       Potion            ||     1
Armor: Animal skin       ||     8
       Scale mail        ||    10
Dodge: Dodged            ||    31

Table legend:
 A = Non-vault XP
 B = Vault XP
 C = Vault XP percentage of total XP
 D = Non-vault monster count
 E = Vault monster count
 F = Vault count percentage of total count
                 A         B        C        D         E       F
            +---------+---------+-------+---------+---------+-------
      Total |      88 |       2 |   2.2 |      42 |       1 |   2.3
            +---------+---------+-------+---------+---------+-------
        D:1 |      47 |       0 |   0.0 |      24 |       0 |   0.0
        D:2 |      28 |       2 |   6.7 |      11 |       1 |   8.3
        D:3 |      13 |       0 |   0.0 |       7 |       0 |   0.0
            +---------+---------+-------+---------+---------+-------
